[Event "17th Delhi GM Open 2019"]
[Site "Delhi"]
[Date "2019.01.09"]
[Round "1"]
[White "Erigaisi Arjun"]
[Black "Vijay, Kumar"]
[Result "1-0"]
[ECO "E73"]
[WhiteElo "2548"]
[BlackElo "1943"]
[Annotator "ChessBase"]
[PlyCount "61"]
[EventDate "2019.01.09"]
[EventType "swiss"]
[EventCountry "IND"]
[SourceTitle "playchess.com"]
[Source "ChessBase"]
[SourceQuality "1"]
[TimeControl "5400+30"]

1. d4 Nf6 2. c4 g6 3. Nc3 Bg7 4. e4 d6 5. Be2 e5 6. d5 Nbd7 7. h4 Nc5 8. Bf3 a5 9. h5 h6 10. hxg6 fxg6 11. Be3 b6 12. Rb1 Bd7 13. b3 Qc8 14. a3 Qa6 15. Nge2 a4 16. b4 Nb3 17. Qd3 Ng4 18. Bxg4 Bxg4 19. Nb5 Bxe2 20. Qxe2 Qc8 21. Bxb6 Rb8 22. Nxc7+ Kf7 23. Qe3 Nd4 24. Bxd4 Qxc7 25. Bb2 Qxc4 26. Rc1 Qa2 27. Rc7+ Kg8 28. O-O Kh7 29. Qc3 Rhf8 30. Ra1 Qb3 31. Qxb3 1-0

[Event "17th Delhi GM Open 2019"]
[Site "Delhi"]
[Date "2019.01.09"]
[Round "1"]
[White "Ghaem Maghami, Ehsan"]
[Black "Debankan, Dhara"]
[Result "1-0"]
[ECO "E09"]
[WhiteElo "2533"]
[BlackElo "1934"]
[Annotator "ChessBase"]
[PlyCount "73"]
[EventDate "2019.01.09"]
[EventType "swiss"]
[EventCountry "IND"]
[SourceTitle "playchess.com"]
[Source "ChessBase"]
[SourceQuality "1"]
[TimeControl "5400+30"]

1. c4 e6 2. Nf3 d5 3. d4 Nf6 4. g3 Be7 5. Bg2 O-O 6. O-O c6 7. Qc2 Nbd7 8. Nbd2 b6 9. e4 dxe4 10. Nxe4 Nxe4 11. Qxe4 Bb7 12. Rd1 Bf6 13. Bf4 Qe7 14. Re1 Rfd8 15. Rad1 Rac8 16. h4 Nf8 17. Qc2 Ng6 18. Bg5 h6 19. Bxf6 Qxf6 20. c5 Ne7 21. Qa4 Ra8 22. Ne5 Rdc8 23. Qb3 b5 24. Be4 g6 25. a4 a6 26. Nd7 Qg7 27. Nb6 Rab8 28. Nxc8 Bxc8 29. axb5 Rxb5 30. Qc3 Qf8 31. Ra1 Qd8 32. Ra4 Nd5 33. Bxd5 Qxd5 34. Rb4 Bb7 35. Rc1 Kg7 36. Rxb5 axb5 37. Qe3 1-0

[Event "17th Delhi GM Open 2019"]
[Site "Delhi"]
[Date "2019.01.09"]
[Round "1"]
[White "Visakh N R"]
[Black "Abid Ali Mujawar"]
[Result "1-0"]
[ECO "B51"]
[WhiteElo "2486"]
[BlackElo "1926"]
[Annotator "ChessBase"]
[PlyCount "73"]
[EventDate "2019.01.09"]
[EventType "swiss"]
[EventCountry "IND"]
[SourceTitle "playchess.com"]
[Source "ChessBase"]
[SourceQuality "1"]
[TimeControl "5400+30"]

1. e4 c5 2. Nf3 d6 3. Bb5+ Nc6 4. O-O Nf6 5. Re1 Bd7 6. c3 e6 7. d4 cxd4 8. cxd4 a6 9. Bxc6 bxc6 10. e5 Nd5 11. Nbd2 Qc7 12. Nc4 dxe5 13. dxe5 Bc5 14. Ng5 O-O 15. Qd3 f5 16. exf6 Nxf6 17. Be3 Bb4 18. Red1 h6 19. Ne4 Nd5 20. Bd4 Rae8 21. Be5 Qa7 22. Qg3 Re7 23. a3 Bc5 24. b4 Bxf2+ 25. Nxf2 Ref7 26. Bd4 Qa8 27. Ng4 Nf4 28. Kh1 c5 29. Nxh6+ Kh7 30. Nxf7 Rxf7 31. Ne5 cxd4 32. Nxf7 Nxg2 33. Ng5+ Kg8 34. Qf3 Bc6 35. Qf7+ Kh8 36. Qh5+ Kg8 37. Qh7+ {[%emt 0:00:00] Bd7 [%clk 0:29:38] Qg6 [%clk 0:47:21] Bc6 [%clk 0:30:22] Qh7+} 1-0

[Event "17th Delhi GM Open 2019"]
[Site "Delhi"]
[Date "2019.01.09"]
[Round "1"]
[White "Harsha Bharathakoti"]
[Black "Ilamparthi A R"]
[Result "0-1"]
[ECO "A45"]
[WhiteElo "2481"]
[BlackElo "1920"]
[Annotator "ChessBase"]
[PlyCount "86"]
[EventDate "2019.01.09"]
[EventType "swiss"]
[EventCountry "IND"]
[SourceTitle "playchess.com"]
[Source "ChessBase"]
[SourceQuality "1"]
[TimeControl "5400+30"]

1. d4 Nf6 2. Bg5 g6 3. Bxf6 exf6 4. e3 Bg7 5. g3 O-O 6. Bg2 d5 7. Ne2 c6 8. Nd2 Be6 9. O-O Nd7 10. Nf4 f5 11. Rc1 Nf6 12. c4 Ne4 13. cxd5 cxd5 14. Nb3 b6 15. Qe2 Rc8 16. Qb5 Qd6 17. Qa6 Qd7 18. Rfe1 Bh6 19. Rf1 Bg7 20. Rfe1 Bh6 21. Nd3 Bg7 22. Na1 Rc4 23. Rxc4 dxc4 24. Nf4 c3 25. Nxe6 fxe6 26. bxc3 Nxc3 27. Rc1 Rc8 28. Nb3 e5 29. dxe5 Bxe5 30. Bf3 Kg7 31. Kg2 g5 32. Kh1 Rd8 33. Nd4 Bxd4 34. exd4 Qxd4 35. Qxa7+ Rd7 36. Qb8 g4 37. Bg2 Nd1 38. h4 gxh3 39. Bf3 Nxf2+ 40. Kh2 Ng4+ 41. Kxh3 Qd2 42. Bxg4 fxg4+ 43. Kxg4 Qe2+ {[%emt 0:01:08] Ra1} 0-1

[Event "17th Delhi GM Open 2019"]
[Site "Delhi"]
[Date "2019.01.09"]
[Round "1"]
[White "Shubham Shukla"]
[Black "Mosadeghpour, Masoud"]
[Result "0-1"]
[ECO "A48"]
[WhiteElo "1933"]
[BlackElo "2517"]
[Annotator "RC"]
[PlyCount "53"]
[EventDate "2019.01.09"]
[EventType "swiss"]
[EventCountry "IND"]
[SourceTitle "playchess.com"]
[Source "ChessBase"]
[SourceQuality "1"]
[TimeControl "5400+30"]

1. d4 Nf6 2. Nf3 g6 3. Nc3 d5 4. Bf4 Bg7 5. e3 O-O 6. h3 c5 7. Be2 Nc6 8. O-O Ne4 9. Nxe4 dxe4 10. Nd2 cxd4 11. exd4 Nxd4 12. c3 Nxe2+ 13. Qxe2 e5 14. Be3 Qd3 15. Qxd3 exd3 16. f4 Re8 17. fxe5 Bxe5 18. Rae1 Be6 19. a3 Bd5 20. Kf2 Re6 21. Nf3 Rae8 22. Bd2 Bxf3 23. Kxf3 Rf6+ 24. Kg4 h5+ 25. Kh4 Rb6 26. b4 Rbe6 27. g4 0-1

[Event "17th Delhi GM Open 2019"]
[Site "Delhi"]
[Date "2019.01.09"]
[Round "1"]
[White "Joshi, Abhijeet"]
[Black "Rahman, Ziaur"]
[Result "0-1"]
[ECO "B88"]
[WhiteElo "1913"]
[BlackElo "2470"]
[Annotator "ChessBase"]
[PlyCount "92"]
[EventDate "2019.01.09"]
[EventType "swiss"]
[EventCountry "IND"]
[SourceTitle "playchess.com"]
[Source "ChessBase"]
[SourceQuality "1"]
[TimeControl "5400+30"]

1. e4 c5 2. Nf3 d6 3. d4 cxd4 4. Nxd4 Nf6 5. Nc3 Nc6 6. Bc4 e6 7. Bb3 a6 8. O-O Qc7 9. Kh1 Na5 10. f4 Bd7 11. f5 e5 12. Nde2 Nxb3 13. axb3 Bc6 14. Qd3 Be7 15. Be3 b5 16. Nd5 Bxd5 17. exd5 O-O 18. Rfd1 Rfc8 19. c3 Qd7 20. Ng3 a5 21. Bg5 a4 22. Bxf6 Bxf6 23. b4 Rc4 24. Ne4 Rac8 25. Rf1 Rxe4 26. Qxe4 Rc4 27. Qe2 Rc8 28. Qe4 Rc4 29. Qe2 Qc8 30. h3 h6 31. Rf3 Bg5 32. Kh2 h5 33. Qd1 h4 34. Qe2 Bf4+ 35. Rxf4 Rxf4 36. Qxb5 Qxf5 37. Qb8+ Kh7 38. Qxd6 Rf2 39. Qa6 e4 40. Kg1 Rd2 41. Rf1 Qxd5 42. Qa5 Qxa5 43. bxa5 Rxb2 44. Ra1 e3 45. Rxa4 Rb1+ 46. Kh2 e2 0-1

[Event "17th Delhi GM Open 2019"]
[Site "Delhi"]
[Date "2019.01.10"]
[Round "2"]
[White "Stupak, Kirill"]
[Black "Arpita, Mukherjee"]
[Result "1-0"]
[ECO "A45"]
[WhiteElo "2542"]
[BlackElo "2132"]
[Annotator "ChessBase"]
[PlyCount "69"]
[EventDate "2019.01.09"]
[EventType "swiss"]
[EventCountry "IND"]
[SourceTitle "playchess.com"]
[Source "ChessBase"]
[SourceQuality "1"]
[TimeControl "5400+30"]

1. d4 Nf6 2. g3 g6 3. Bg2 Bg7 4. e4 d6 5. Nc3 O-O 6. Nge2 e5 7. O-O exd4 8. Nxd4 Bg4 9. f3 Bd7 10. Be3 Nc6 11. Nde2 Qc8 12. Nf4 Kh8 13. Qd2 Ne5 14. b3 Re8 15. a4 Ng8 16. g4 h6 17. h3 Kh7 18. Rad1 Qd8 19. Nfe2 Bc6 20. f4 Nd7 21. Nd4 Qe7 22. Bf2 a6 23. Rfe1 Rad8 24. Na2 Nb8 25. Nb4 Qd7 26. Bh4 Rc8 27. Ndxc6 bxc6 28. e5 Bf8 29. Qf2 a5 30. Nd3 Na6 31. f5 g5 32. Bg3 f6 33. e6 Qg7 34. Bxc6 Red8 35. Bb7 1-0

[Event "17th Delhi GM Open 2019"]
[Site "Delhi"]
[Date "2019.01.10"]
[Round "2"]
[White "Masango, Spencer"]
[Black "Deepan Chakkravarthy J."]
[Result "0-1"]
[ECO "A04"]
[WhiteElo "2168"]
[BlackElo "2543"]
[Annotator "ChessBase"]
[PlyCount "56"]
[EventDate "2019.01.09"]
[EventType "swiss"]
[EventCountry "IND"]
[SourceTitle "playchess.com"]
[Source "ChessBase"]
[SourceQuality "1"]
[TimeControl "5400+30"]

1. Nf3 b6 2. g3 Bb7 3. Bg2 g6 4. O-O Bg7 5. c4 c5 6. Nc3 Nc6 7. a3 d6 8. b4 e6 9. Bb2 Nge7 10. e3 O-O 11. bxc5 dxc5 12. Qe2 h6 13. d3 Qd7 14. Ne4 f5 15. Nc3 e5 16. Nd5 Nxd5 17. cxd5 Qxd5 18. d4 cxd4 19. exd4 e4 20. Nh4 Kh7 21. g4 Rae8 22. gxf5 gxf5 23. Qh5 Qf7 24. Qxf7 Rxf7 25. d5 Bxb2 26. dxc6 Bxc6 27. Ra2 Bd4 28. Rd1 Bc5 0-1

[Event "17th Delhi GM Open 2019"]
[Site "Delhi"]
[Date "2019.01.10"]
[Round "3"]
[White "Manik, Mikulas"]
[Black "Chilukuri Sai Varshith"]
[Result "1-0"]
[ECO "B31"]
[WhiteElo "2413"]
[BlackElo "1738"]
[Annotator "NA"]
[PlyCount "83"]
[EventDate "2019.01.09"]
[EventType "swiss"]
[EventCountry "IND"]
[SourceTitle "playchess.com"]
[Source "ChessBase"]
[SourceQuality "1"]
[TimeControl "5400+30"]

1. e4 c5 2. Nf3 Nc6 3. Bb5 g6 4. O-O Bg7 5. Re1 a6 6. Bxc6 dxc6 7. d3 e5 8. Be3 b6 9. Nbd2 Ne7 10. a3 Qc7 11. b4 cxb4 12. axb4 O-O 13. Nc4 Rb8 14. Ra3 Rd8 15. Qa1 f6 16. d4 Bg4 17. dxe5 fxe5 18. Ncxe5 Nd5 19. exd5 Bxf3 20. Bf4 Bxd5 21. Nxg6 Qxf4 22. Qxg7+ Kxg7 23. Nxf4 Re8 24. Rea1 Re4 25. Nxd5 cxd5 26. Rxa6 Rxb4 27. Ra7+ Kg6 28. Rd7 Ra8 29. Re1 d4 30. h3 Rc8 31. g4 Rc6 32. Re4 b5 33. Rexd4 Rxd4 34. Rxd4 Rxc2 35. Rd6+ Kg7 36. Rb6 Rb2 37. Kg2 h5 38. Kg3 Rb3+ 39. f3 b4 40. g5 Kh7 41. h4 Rb1 42. Kf4 1-0

[Event "17th Delhi GM Open 2019"]
[Site "Delhi"]
[Date "2019.01.10"]
[Round "3"]
[White "Mitrabha, Guha"]
[Black "Ghosh, Diptayan"]
[Result "0-1"]
[ECO "E15"]
[WhiteElo "2371"]
[BlackElo "2544"]
[Annotator "ChessBase"]
[PlyCount "94"]
[EventDate "2019.01.09"]
[EventType "swiss"]
[EventCountry "IND"]
[SourceTitle "playchess.com"]
[Source "ChessBase"]
[SourceQuality "1"]
[TimeControl "5400+30"]

1. d4 Nf6 2. Nf3 e6 3. c4 b6 4. g3 Ba6 5. b3 d5 6. cxd5 exd5 7. Bg2 Bb4+ 8. Bd2 Be7 9. Nc3 O-O 10. O-O Re8 11. Qc2 c5 12. Rfd1 Nc6 13. Bf4 Rc8 14. Bh3 Nxd4 15. Nxd4 cxd4 16. Bxc8 Qxc8 17. Rxd4 Bc5 18. Qd2 Qh3 19. f3 Bxe2 20. Re1 Bxf3 21. Rxe8+ Nxe8 22. Be3 Bxd4 23. Bxd4 Nd6 24. Qf2 Qf5 25. Qe3 Be4 26. Qf4 Qxf4 27. gxf4 f6 28. Bf2 Kf7 29. Ne2 Nf5 30. Nd4 Nxd4 31. Bxd4 Ke6 32. Kf2 Kf5 33. Be3 Bb1 34. a3 Ke4 35. Bd2 Ba2 36. b4 Kd3 37. Ke1 Bb3 38. Bc1 Kc3 39. Be3 d4 40. Bf2 Bc2 41. Bg1 g5 42. Bf2 gxf4 43. Bh4 f5 44. Bf6 Be4 45. Be5 f3 46. h4 Kc4 47. Bb8 d3 0-1

[Event "17th Delhi GM Open 2019"]
[Site "Delhi"]
[Date "2019.01.10"]
[Round "3"]
[White "Shailesh, Dravid"]
[Black "Mosadeghpour, Masoud"]
[Result "0-1"]
[ECO "B65"]
[WhiteElo "2334"]
[BlackElo "2517"]
[Annotator "RC"]
[PlyCount "62"]
[EventDate "2019.01.09"]
[EventType "swiss"]
[EventCountry "IND"]
[SourceTitle "playchess.com"]
[Source "ChessBase"]
[SourceQuality "1"]
[TimeControl "5400+30"]

1. e4 c5 2. Nf3 d6 3. d4 cxd4 4. Nxd4 Nf6 5. Nc3 Nc6 6. Bg5 e6 7. Qd2 Be7 8. O-O-O O-O 9. f4 Nxd4 10. Qxd4 Qa5 11. Bc4 e5 12. Qd2 Qc5 13. Bb3 Bg4 14. Rde1 Be6 15. f5 Bxb3 16. axb3 Rfc8 17. g4 Rc6 18. Bxf6 Bxf6 19. Qd5 Qf2 20. Qd3 Rac8 21. Re2 Qc5 22. h4 Qa5 23. Qb5 Qa1+ 24. Nb1 h6 25. Qxb7 Qa5 26. b4 Qa4 27. Na3 a6 28. b5 axb5 29. Qxb5 Rxc2+ 30. Rxc2 Rxc2+ 31. Kb1 Qxe4 0-1

[Event "17th Delhi GM Open 2019"]
[Site "Delhi"]
[Date "2019.01.10"]
[Round "3"]
[White "Sarwat, Walaa"]
[Black "Rahman, Ziaur"]
[Result "0-1"]
[ECO "B06"]
[WhiteElo "2265"]
[BlackElo "2470"]
[Annotator "ChessBase"]
[PlyCount "114"]
[EventDate "2019.01.09"]
[EventType "swiss"]
[EventCountry "IND"]
[SourceTitle "playchess.com"]
[Source "ChessBase"]
[SourceQuality "1"]
[TimeControl "5400+30"]

1. e4 g6 2. d4 Bg7 3. Nf3 d6 4. Nc3 a6 5. Be3 b5 6. Qd2 Bb7 7. Bd3 Nd7 8. a4 b4 9. Ne2 a5 10. c3 Ngf6 11. Ng3 bxc3 12. bxc3 Qc8 13. h3 Ba6 14. O-O O-O 15. Bxa6 Qxa6 16. Bh6 e6 17. Bxg7 Kxg7 18. e5 Ng8 19. h4 h6 20. Rfe1 d5 21. Nh2 Rab8 22. h5 Nb6 23. hxg6 fxg6 24. Reb1 Qc8 25. Qe2 Qd7 26. Qc2 Qe7 27. Qe2 h5 28. Nf3 Nh6 29. Qe3 Rbe8 30. Qg5 Rb8 31. Qe3 Rbe8 32. Qg5 Qxg5 33. Nxg5 Ng4 34. Nh3 Kh6 35. Rb5 Nc4 36. Rc5 Rb8 37. Rxc7 Rb2 38. Re7 Nxf2 39. Rf1 Ne3 40. Rxf2 Rb1+ 41. Nf1 Rxf1+ 42. Rxf1 Rxf1+ 43. Kh2 Rc1 44. Rxe6 Ng4+ 45. Kg3 Rxc3+ 46. Kf4 Rd3 47. Ng1 Ne3 48. Nf3 Nxg2+ 49. Kg3 Ne1 50. Kf2 Nxf3 51. Rd6 Nxd4 52. Rxd5 Rf3+ 53. Kg2 Rf4 54. Rxa5 Re4 55. Rc5 Ne6 56. Ra5 Kg5 57. Kf3 Kf5 0-1

[Event "17th Delhi GM Open 2019"]
[Site "Delhi"]
[Date "2019.01.10"]
[Round "3"]
[White "Pimpalkhare Vedant"]
[Black "Czebe, Attila"]
[Result "0-1"]
[ECO "A06"]
[WhiteElo "1986"]
[BlackElo "2418"]
[Annotator "ChessBase"]
[PlyCount "58"]
[EventDate "2019.01.09"]
[EventType "swiss"]
[EventCountry "IND"]
[SourceTitle "playchess.com"]
[Source "ChessBase"]
[SourceQuality "1"]
[TimeControl "5400+30"]

1. Nf3 g6 2. g3 Bg7 3. Bg2 e5 4. d3 d5 5. O-O Ne7 6. Nbd2 O-O 7. c4 c6 8. Rb1 a5 9. b3 Na6 10. a3 h6 11. b4 axb4 12. axb4 Be6 13. Qc2 b5 14. Rd1 bxc4 15. dxc4 Bf5 16. e4 dxe4 17. Nh4 e3 18. Nxf5 Nxf5 19. Nf3 exf2+ 20. Kxf2 Qe7 21. c5 e4 22. Re1 Rfe8 23. Bh3 Qe6 24. Kg1 Nc7 25. Re2 Qd5 26. Rd2 Nd4 27. Nxd4 Bxd4+ 28. Rxd4 Qxd4+ 29. Kh1 Qd3 0-1

[Event "17th Delhi GM Open 2019"]
[Site "Delhi"]
[Date "2019.01.13"]
[Round "7"]
[White "Sammed Jaykumar, Shete"]
[Black "Lokesh, N.."]
[Result "1-0"]
[ECO "C42"]
[WhiteElo "2395"]
[BlackElo "2133"]
[Annotator "NA"]
[PlyCount "53"]
[EventDate "2019.01.09"]
[EventType "swiss"]
[EventCountry "IND"]
[SourceTitle "playchess.com"]
[Source "ChessBase"]
[SourceQuality "1"]
[TimeControl "5400+30"]

1. e4 e5 2. Nf3 Nf6 3. Nxe5 d6 4. Nf3 Nxe4 5. Bd3 Nc5 6. Be2 d5 7. d4 Ne6 8. O-O Bd6 9. c4 dxc4 10. Bxc4 O-O 11. Nc3 c6 12. d5 cxd5 13. Qxd5 Nc6 14. Rd1 Bc5 15. Qh5 Qa5 16. Nd5 Bxf2+ 17. Kh1 Qc5 18. b3 Ncd4 19. Ng5 Nxg5 20. Bxg5 Nf5 21. Ne7+ Kh8 22. Rd5 Qb6 23. Nxf5 g6 24. Qh6 Bxf5 25. Rxf5 f6 26. Rf3 Bd4 27. Raf1 1-0

[Event "17th Delhi GM Open 2019"]
[Site "Delhi"]
[Date "2019.01.13"]
[Round "7"]
[White "Kurbonboeva, Sarvinoz"]
[Black "Thipsay, Praveen M"]
[Result "1/2-1/2"]
[ECO "E68"]
[WhiteElo "2214"]
[BlackElo "2405"]
[Annotator "NA"]
[PlyCount "185"]
[EventDate "2019.01.09"]
[EventType "swiss"]
[EventCountry "IND"]
[SourceTitle "playchess.com"]
[Source "ChessBase"]
[SourceQuality "1"]
[TimeControl "5400+30"]

1. d4 Nf6 2. c4 g6 3. g3 Bg7 4. Bg2 d6 5. Nc3 O-O 6. Nf3 Nbd7 7. O-O e5 8. e4 a6 9. Qc2 Rb8 10. Rd1 exd4 11. Nxd4 Re8 12. h3 Ne5 {[%emt 0:01:38] E68: King's Indian: Fianchetto: 6...Nbd7 7 0-0 e5 8 e4} (12... c6 13. Bf4 Ne5 14. c5 Bf8 15. cxd6 Bxd6 16. Bxe5 Rxe5 17. Nf3 Qe7 18. Nxe5 Bxe5 19. Ne2 Be6 20. Rac1 {1-0 (35) Kovalenko,I (2700)-Maze,S (2582) Berlin 2015}) 13. b3 c5 14. Nde2 b5 15. f4 Ned7 16. e5 dxe5 17. fxe5 Rxe5 $146 ({Predecessor:} 17... Nh5 18. g4 Bxe5 19. gxh5 b4 20. hxg6 hxg6 21. Bd5 Kg7 22. Bf4 {½-½ (22) Egger Mancilla,J (2355)-Bjornsson,S Duisburg 1992}) 18. Bf4 Qf8 19. cxb5 axb5 20. Rab1 g5 21. Bxe5 Nxe5 22. Nd5 g4 23. h4 Nf3+ 24. Kh1 Nh5 25. Qe4 f5 26. Qe7 Bb7 27. Qxf8+ Bxf8 28. Ndf4 Nf6 29. Rbc1 Ne4 30. Rf1 Rd8 31. Rxf3 gxf3 32. Bxf3 Nxg3+ 33. Kg2 Nxe2 34. Nxe2 Bxf3+ 35. Kxf3 Rd2 36. Nc3 b4 37. Na4 Rxa2 38. Nxc5 Rb2 39. Rc4 Kf7 40. Kf4 Kg6 41. h5+ Kxh5 42. Nd7 Be7 43. Kxf5 Rxb3 44. Ne5 Bd6 45. Rc1 Rh3 46. Nf7 Rf3+ 47. Ke6 Bf4 48. Rc5+ Kg4 49. Rc4 Re3+ 50. Kf6 b3 51. Rb4 h5 52. Nh6+ Kf3 53. Nf5 Be5+ 54. Kg5 Rd3 55. Nh4+ Ke2 56. Rb5 Bh8 57. Ng6 Rg3+ 58. Kxh5 Bf6 59. Nf4+ Kd2 60. Nd5 Bd4 61. Kh4 Rd3 62. Nb4 Bf2+ 63. Kg4 Rd7 64. Nc6 Kc3 65. Ne5 Rd6 66. Kf4 Bd4 67. Nd3 Ba7 68. Nc1 b2 69. Na2+ Kc2 70. Nb4+ Kc1 71. Na2+ Kb1 72. Nb4 Rd4+ 73. Kf3 Rd7 74. Ke2 Bd4 75. Kd2 Bg7+ 76. Nd3 Ka2 77. Ra5+ Kb3 78. Rb5+ Ka4 79. Rb8 Ka3 80. Kc2 Rc7+ 81. Kb1 Rf7 82. Ra8+ Kb3 83. Rb8+ Kc3 84. Nxb2 Be5 85. Rb6 Bd4 86. Rb8 Rf6 87. Na4+ Kd2 88. Ka2 Rf1 89. Rb1 Rf7 90. Kb3 Rb7+ 91. Ka2 Rc7 $11 92. Rb4 Bg7 93. Kb3 1/2-1/2

[Event "17th Delhi GM Open 2019"]
[Site "Delhi"]
[Date "2019.01.14"]
[Round "8"]
[White "Thipsay, Praveen M"]
[Black "Kulkarni, Vinayak"]
[Result "1-0"]
[ECO "A04"]
[WhiteElo "2405"]
[BlackElo "2207"]
[Annotator "NA"]
[PlyCount "59"]
[EventDate "2019.01.09"]
[EventType "swiss"]
[EventCountry "IND"]
[SourceTitle "playchess.com"]
[Source "ChessBase"]
[SourceQuality "1"]
[TimeControl "5400+30"]

1. Nf3 c5 2. g3 Nc6 3. Bg2 g6 4. O-O Bg7 5. e4 e5 6. d3 Nge7 7. Nbd2 O-O 8. a3 d6 9. Rb1 b6 10. b4 f6 11. c3 Be6 12. d4 cxd4 13. cxd4 Nxd4 14. Nxd4 exd4 15. Bb2 d5 16. Re1 Bf7 17. Nb3 Rc8 18. Nxd4 dxe4 19. Bxe4 f5 20. Bf3 Nd5 21. Ne6 Bxe6 22. Rxe6 Nc7 23. Rd6 Qg5 24. Bxg7 Kxg7 25. h4 Qh6 26. Qd4+ Kg8 27. Qd1 Kg7 28. Qd4+ Kg8 29. Qc4+ Kh8 30. Rd7 1-0

[Event "17th Delhi GM Open 2019"]
[Site "Delhi"]
[Date "2019.01.14"]
[Round "8"]
[White "Sardana, Rishi"]
[Black "Praveen Kumar C"]
[Result "0-1"]
[ECO "B90"]
[WhiteElo "2398"]
[BlackElo "2233"]
[Annotator "NA"]
[PlyCount "78"]
[EventDate "2019.01.09"]
[EventType "swiss"]
[EventCountry "IND"]
[SourceTitle "playchess.com"]
[Source "ChessBase"]
[SourceQuality "1"]
[TimeControl "5400+30"]

1. e4 c5 2. Nf3 d6 3. d4 cxd4 4. Nxd4 Nf6 5. Nc3 a6 6. h3 e5 7. Nde2 h5 8. g3 Be7 9. Bg2 b5 10. Nd5 Bb7 11. Nec3 Nbd7 12. Nxe7 Qxe7 13. Bg5 Nc5 14. h4 b4 15. Nd5 Bxd5 16. exd5 Qd7 17. O-O Nfe4 18. Be3 f5 19. a3 Rb8 20. Qe1 Qb5 21. axb4 Qxb4 22. Qxb4 Rxb4 23. b3 O-O 24. Bxe4 Nxe4 25. Rxa6 Rb5 26. Rd1 f4 27. gxf4 exf4 28. Bd4 Rxd5 29. c4 Rdf5 30. Ra7 R5f7 31. b4 f3 32. Rxf7 Kxf7 33. b5 Ke6 34. Re1 Rf4 35. Re3 Kd7 36. Bxg7 Rg4+ 37. Kf1 Rxh4 38. Rxf3 Nd2+ 39. Kg2 Nxf3 0-1

[Event "17th Delhi GM Open 2019"]
[Site "Delhi"]
[Date "2019.01.14"]
[Round "8"]
[White "Aaryan Varshney"]
[Black "Muthaiah AL"]
[Result "0-1"]
[ECO "A43"]
[WhiteElo "2225"]
[BlackElo "2406"]
[Annotator "ChessBase"]
[PlyCount "71"]
[EventDate "2019.01.09"]
[EventType "swiss"]
[EventCountry "IND"]
[SourceTitle "playchess.com"]
[Source "ChessBase"]
[SourceQuality "1"]
[TimeControl "5400+30"]

1. d4 Nf6 2. Nf3 c5 3. d5 b5 4. c4 g6 5. b3 Bg7 6. Bb2 bxc4 7. bxc4 O-O 8. Nbd2 d6 9. e3 Bf5 10. Be2 Na6 11. O-O Qa5 12. Qc1 Nb4 13. a3 Nd3 14. Qc3 Qxc3 15. Bxc3 Rfb8 16. Ra2 Ng4 17. Bxg7 Kxg7 18. h3 Nge5 19. Nxe5 Nxe5 20. f4 Bd3 21. fxe5 Bxe2 22. Re1 Bd3 23. exd6 exd6 24. e4 Rb6 25. Kf2 Rab8 26. e5 dxe5 27. Rxe5 h5 28. h4 Bf5 29. g3 Rb2 30. Rxb2 Rxb2 31. Ke3 Kf6 32. Re8 Ra2 33. Nf3 Rxa3+ 34. Kf4 a5 35. Ne5 Ra1 36. d6 0-1

[Event "17th Delhi GM Open 2019"]
[Site "Delhi"]
[Date "2019.01.14"]
[Round "8"]
[White "Bharat Kumar Reddy Poluri"]
[Black "Sammed Jaykumar, Shete"]
[Result "0-1"]
[ECO "B31"]
[WhiteElo "2197"]
[BlackElo "2395"]
[Annotator "ChessBase"]
[PlyCount "110"]
[EventDate "2019.01.09"]
[EventType "swiss"]
[EventCountry "IND"]
[SourceTitle "playchess.com"]
[Source "ChessBase"]
[SourceQuality "1"]
[TimeControl "5400+30"]

1. e4 c5 2. Nf3 Nc6 3. Bb5 g6 4. O-O Bg7 5. d3 Nf6 6. h3 O-O 7. Bxc6 bxc6 8. Nc3 d6 9. Be3 h6 10. Qd2 Kh7 11. a3 a5 12. b3 e5 13. Nh2 Nh5 14. f4 exf4 15. Bxf4 Nxf4 16. Rxf4 Bxh3 17. Raf1 Be6 18. Ne2 a4 19. b4 Qb6 20. Kh1 cxb4 21. axb4 a3 22. c3 a2 23. Ra1 c5 24. bxc5 dxc5 25. Rff1 Qb3 26. Nf3 Rfd8 27. e5 Bc4 28. Nf4 Be6 29. d4 Bc4 30. Rfc1 Rab8 31. Qe1 Qa3 32. Nd2 Be6 33. Nxe6 fxe6 34. Rc2 cxd4 35. Raxa2 Qf8 36. cxd4 Rxd4 37. Nf3 Rf4 38. Rc7 Kh8 39. Kh2 Rxf3 40. gxf3 Qf4+ 41. Kg1 Bxe5 42. Rcc2 Qg5+ 43. Kf1 Qh5 44. Qe4 Bg3 45. Ke2 Qh1 46. Qd4+ e5 47. Qd1 Qh2+ 48. Ke3 Rb3+ 49. Ke4 Qh4+ 50. Kd5 Qd8+ 51. Kc4 Qxd1 52. Kxb3 Qxf3+ 53. Rc3 Qf7+ 54. Kb2 Bf2 55. Ra8+ Kg7 0-1

[Event "17th Delhi GM Open 2019"]
[Site "Delhi"]
[Date "2019.01.15"]
[Round "9"]
[White "Muthaiah AL"]
[Black "Swati Ghate"]
[Result "1-0"]
[ECO "D47"]
[WhiteElo "2406"]
[BlackElo "2216"]
[Annotator "NA"]
[PlyCount "97"]
[EventDate "2019.01.09"]
[EventType "swiss"]
[EventCountry "IND"]
[SourceTitle "playchess.com"]
[Source "ChessBase"]
[SourceQuality "1"]
[TimeControl "5400+30"]

1. Nf3 d5 2. c4 c6 3. d4 Nf6 4. Nc3 e6 5. e3 Nbd7 6. Bd3 $11 {[%emt 0:01:03] LiveBook: 8340 Games} dxc4 7. Bxc4 b5 8. Bd3 Bd6 9. O-O O-O 10. a3 Bb7 11. e4 e5 12. h3 a6 13. Bg5 h6 14. Be3 Qc7 15. Rc1 Rad8 16. Nd5 Qb8 17. Nxf6+ Nxf6 18. dxe5 Bxe5 19. Nxe5 Qxe5 20. Qc2 Rfe8 21. f4 Qh5 22. Bb6 Rd7 23. e5 Nd5 24. Bc5 Qh4 25. Bh7+ Kh8 26. Bf5 Rdd8 27. Qf2 Qxf2+ 28. Rxf2 a5 29. Re1 a4 30. g4 Bc8 31. Bb1 Kg8 32. f5 Ba6 33. e6 Bc8 34. e7 Rd7 35. h4 Nc7 36. f6 Na6 37. Bb6 Rd6 38. g5 c5 39. Bd8 c4 40. Bf5 Bxf5 41. Rxf5 b4 42. fxg7 hxg5 43. hxg5 c3 44. bxc3 bxc3 45. Rf6 Rxf6 46. gxf6 Nc5 47. Ba5 c2 48. Bd2 Nd3 49. Re4 1-0

[Event "17th Delhi GM Open 2019"]
[Site "Delhi"]
[Date "2019.01.16"]
[Round "10"]
[White "Nitin, S.."]
[Black "Nayak Rajesh"]
[Result "1-0"]
[ECO "B00"]
[WhiteElo "2442"]
[BlackElo "2181"]
[Annotator "NA"]
[PlyCount "41"]
[EventDate "2019.01.09"]
[EventType "swiss"]
[EventCountry "IND"]
[SourceTitle "playchess.com"]
[Source "ChessBase"]
[SourceQuality "1"]
[TimeControl "5400+30"]

1. e4 {Predecessor:} e5 $146 2. Nf3 Nc6 3. Bb5 Nf6 4. O-O Nxe4 5. d4 Nd6 6. Bxc6 dxc6 7. dxe5 Nf5 8. Qxd8+ Kxd8 9. Nc3 Ke8 10. h3 h5 11. Bf4 Be7 12. Rad1 Be6 13. Ng5 Rh6 14. g3 Bxg5 15. Bxg5 Rg6 16. Bf4 Nh4 17. Kh1 Nf3 18. Kg2 Nh4+ 19. Kh1 Nf3 20. Kg2 Nh4+ 21. Kh1 {½-½ (21) Lupulescu,C (2601)-Parligras,M (2645) Sovata 2018} 1-0